 Dungeon Crawl Stone Soup version 0.23.2-33-g5129a83184 (webtiles) character file.

Game seed: 11531803128109213143

91 Destapler the Chucker (level 4, 0/35 HPs)
             Began as a Barachi Hunter on July 27, 2019.
             Killed by divine providence
             ... invoked by an orc priest
              (14 damage)
             ... on level 3 of the Dungeon.
             The game lasted 00:18:54 (1949 turns).

Destapler the Chucker (Barachi Hunter)              Turns: 1949, Time: 00:18:55

Health: 0/35       AC:  3    Str: 24    XL:     4   Next: 57%
Magic:  13/13      EV: 13    Int: 11    God:
Gold:   72         SH:  0    Dex: 13    Spells: 3/3 levels left

rFire    . . .     SeeInvis .   n - +1 long sword
rCold    . . .     Gourm    .   (no shield)
rNeg     . . .     Faith    .   b - +0 leather armour
rPois    .         Spirit   .   (no helmet)
rElec    .         Reflect  .   (no cloak)
rCorr    .         Harm     .   (no gloves)
MR       .....                  (no boots)
Stlth    +.........             (no amulet)
HPRegen  0.11/turn              d - ring of magical power
MPRegen  0.13/turn              e - +5 ring of strength

@: mighty, slow
A: +LOS, swims, slowness 1, strong legs 1
a: Hop


You were on level 3 of the Dungeon.
You were not hungry.

You visited 1 branch of the dungeon, and saw 3 of its levels.

You collected 72 gold pieces.

Inventory:

Hand Weapons
 a - a +0 short sword
 n - a +1 long sword (weapon)
Missiles
 j - 4 stones (quivered)
Armour
 b - a +0 leather armour (worn)
 p - a +0 pair of gloves
Jewellery
 d - a ring of magical power (left hand)
 e - a +5 ring of strength (right hand)
Scrolls
 k - a scroll of amnesia
 m - a scroll of teleportation
Potions
 h - 6 potions of curing
 i - a potion of lignification {unknown}
Comestibles
 f - 3 rations
 g - 2 chunks of flesh


   Skills:
 + Level 3.2 Fighting
 - Level 0.5 Short Blades
 + Level 4.8 Throwing
 + Level 1.6 Armour
 + Level 3.0 Dodging
 - Level 1.0 Stealth


You had 3 spell levels left.
You didn't know any spells.
Your spell library was empty.

Dungeon Overview and Level Annotations

Branches:
Dungeon (3/15)

Altars:


Innate Abilities, Weirdness & Mutations

Shadows flee at your approach. (+LOS)
You can swim through water.
You cover ground slowly.
You can hop short distances.


Message History

It was a potion of might.
You feel very mighty all of a sudden. The orc priest completely misses you.
You riposte.
You hit the orc priest.
The orc priest is moderately wounded.
You are too injured to fight recklessly!
You slash the orc priest!
The orc priest is severely wounded.
The rat closely misses you.
You riposte.
You completely miss the rat.
The orc priest miscasts a cantrip.
You barely miss the orc priest.
The orc priest is severely wounded.
The rat barely misses you.
You riposte.
You barely miss the rat. The orc priest hits you with a +0 whip.
The rat closely misses you.
You riposte.
You slash the rat!
You kill the rat!
You closely miss the orc priest.
The orc priest is severely wounded.
The orc priest calls down the wrath of Beogh upon you.
Beogh smites you!
You die...

≈≈≈≈≈≈≈≈≈≈###+###.......
w≈≈≈≈≈≈≈#≈≈#.. #........
≈#≈≈≈#≈≈≈≈≈... #.........
≈≈≈≈≈≈≈≈≈≈≈≈#.#####+#######
≈#≈≈≈≈≈#.≈≈≈≈.....#+###
[.≈...≈≈≈.≈≈≈#........#
....<.....(≈..<.÷.....#
$≈≈♣♣.#≈=.≈≈≈.).......+ ≈≈≈
≈≈≈#≈≈≈≈#..@.....# ≈≈≈
≈≈≈#≈≈≈##.wo.....# ≈≈≈
≈≈≈≈≈≈. #..(.)...# ≈≈≈
≈≈≈≈w≈ #..(.....# ≈#≈
≈≈≈≈≈.#..(.g.....# .≈≈
≈≈≈.#....[.......# ##≈
≈≈##..###....(...# ..
...(.##### . .####'#


You could see an orc priest, a dart slug and a hobgoblin.

Vanquished Creatures
  An adder (D:3)
  A worm (D:2)
  4 dart slugs
  4 leopard geckos
  3 orcs (D:3)
  3 bats (D:1)
  3 giant cockroaches
  11 goblins
  2 hobgoblins
  10 jackals (D:1)
  A quokka (D:2)
  3 frilled lizards
  6 kobolds
  4 rats
56 creatures vanquished.

Notes
Turn   | Place    | Note
-------+----------+-------------------------------------------
     0 | D:1      | Destapler the Barachi Hunter began the quest for the Orb.
     0 | D:1      | Reached XP level 1. HP: 17/17 MP: 1/1
    97 | D:1      | Reached XP level 2. HP: 23/23 MP: 2/2
   332 | D:1      | Reached skill level 1 in Stealth
   380 | D:1      | Reached XP level 3. HP: 20/28 MP: 3/3
   708 | D:1      | Reached skill level 1 in Armour
  1308 | D:2      | Reached XP level 4. HP: 35/35 MP: 4/4
  1949 | D:3      | Killed from afar by an orc priest

Skill      XL: |  1  2  3  4 |
---------------+-------------+-----
Stealth        | 1 |  1.0
Armour         | 1 |  1.6
Fighting       | 3 |  3.2
Dodging        | 3 |  3.0
Short Blades   | |  0.5
Throwing       | |  4.8

Action                   |  1- 3 |  4- 6 || total
-------------------------+-------+-------++-------
Melee: Short sword       |   120 |       ||   120
       Long sword        |       |    15 ||    15
Throw: Javelin           |    49 |    10 ||    59
       Throwing net      |     3 |       ||     3
       Stone             |       |     3 ||     3
 Abil: Hop               |     2 |       ||     2
  Use: Scroll            |       |     4 ||     4
       Potion            |       |     1 ||     1
 Stab: Held in net/web   |     1 |       ||     1
       Sleeping          |     1 |       ||     1
  Eat: Chunk             |     1 |     3 ||     4
Armor: Leather armour    |    56 |     3 ||    59
Dodge: Dodged            |    97 |    13 ||   110
       Rpst.: Long sword |       |     8 ||     8
